 Dungeon Crawl Stone Soup version 0.21.1-1-g345015f (webtiles) character file.

1726 tidbits the Grave Robber (level 9, 3/65 HPs)
             Began as a Gnoll Necromancer on June 13, 2018.
             Was an Initiate of Cheibriados.
             Quit the game on level 9 of the Dungeon.
             The game lasted 00:19:45 (1450 turns).

tidbits the Grave Robber (Gnoll Necromancer)        Turns: 1450, Time: 00:19:46

Health: 3/65       AC:  2    Str: 12    XL:     9   Next: 4%
Magic:  1/18       EV: 16    Int: 22    God:    Cheibriados [......]
Gold:   170        SH:  0    Dex: 16    Spells: 7/20 levels left

rFire    . . .     SeeInvis .   e - +0 short sword
rCold    . . .     Gourm    .   (no shield)
rNeg     . . .     Faith    .   a - +0 robe
rPois    .         Spirit   .   (no helmet)
rElec    .         Reflect  .   (no cloak)
rCorr    .         Harm     .   (no gloves)
MR       .....                  (no boots)
Stlth    +++.......             (no amulet)
HPRegen  0.20/turn              (no ring)
MPRegen  0.16/turn              (no ring)

@: lethally poisoned (3 -> -16), slowed, very slow
A: distributed training, fangs 1, strong nose
a: Bend Time, Renounce Religion


You were on level 9 of the Dungeon.
You worshipped Cheibriados.
Cheibriados was noncommittal.
You were not hungry.

You visited 2 branches of the dungeon, and saw 10 of its levels.

You collected 170 gold pieces.

Inventory:

Hand Weapons
 d - a +0 trident
 e - a +0 short sword (weapon)
 n - a +0 hunting sling
 q - a +0 war axe
 s - a +0 flail
Missiles
 g - 55 stones
 j - 10 sling bullets
 l - 23 bolts
 r - 2 tomahawks (quivered)
 u - 17 arrows
Armour
 a - a +0 robe (worn)
Scrolls
 f - 2 scrolls of remove curse
 i - a scroll of identify
 k - a scroll of amnesia
 p - 3 scrolls of enchant weapon
Books
 b - a book of Necromancy

   Spells                             Type                      Level
   a - Pain                           Necromancy                   1
   b - Animate Skeleton               Necromancy                   1
   c - Vampiric Draining              Necromancy                   3
   d - Regeneration                   Charms/Necromancy            3
   e - Animate Dead                   Necromancy                   4
   f - Borgnjor's Vile Clutch         Necromancy/Earth             5
 m - a book of Power
   (You found it on level 9 of the Dungeon)

   Spells                             Type                      Level
   a - Iskenderun's Battlesphere      Conjuration/Charms           5
   b - Venom Bolt                     Conjuration/Poison           5
   c - Bolt of Magma                  Conjuration/Fire/Earth       5
   d - Iron Shot                      Conjuration/Earth            6
   e - Orb of Destruction             Conjuration                  7
   f - Spellforged Servitor           Conjuration/Summoning        7
Comestibles
 c - 3 rations


   Skills:
 + Level 3.7 Fighting
 + Level 3.7 Short Blades
 + Level 3.7 Long Blades
 + Level 3.7 Axes
 + Level 3.7 Maces & Flails
 + Level 3.7 Polearms
 + Level 3.7 Staves
 + Level 3.7 Slings
 + Level 3.7 Bows
 + Level 3.7 Crossbows
 + Level 3.7 Throwing
 + Level 3.7 Armour
 + Level 6.0 Dodging
 + Level 5.7 Stealth
 + Level 3.7 Shields
 + Level 3.7 Unarmed Combat
 + Level 6.3 Spellcasting
 + Level 3.1 Conjurations
 + Level 3.1 Hexes
 + Level 3.1 Charms
 + Level 3.1 Summonings
 + Level 7.8 Necromancy
 + Level 3.1 Translocations
 + Level 3.1 Transmutations
 + Level 3.1 Fire Magic
 + Level 3.1 Ice Magic
 + Level 3.1 Air Magic
 + Level 3.1 Earth Magic
 + Level 3.1 Poison Magic
 + Level 4.1 Invocations
 + Level 3.7 Evocations


You had 7 spell levels left.
You knew the following spells:

 Your Spells              Type           Power        Failure   Level  Hunger
a - Pain                  Necr           ####         1%          1    None
d - Vampiric Draining     Necr           #####.....   1%          3    #......
n - Animate Skeleton      Necr           N/A          1%          1    None
r - Regeneration          Chrm/Necr      ####......   2%          3    #......
v - Borgnjor's Vile Clut  Necr/Erth      ####......   26%         5    #####..


Dungeon Overview and Level Annotations

Branches:
Dungeon (9/15)             Temple (1/1) D:5            Lair (0/6) D:9
    Orc: D:9-12

Altars:
Cheibriados
Dithmenos
Elyvilon
Fedhas
Gozag
Hepliaklqana
Kikubaaqudgha
Makhleb
Nemelex Xobeh
Okawaru
Qazlal
Ru
Sif Muna
Uskayaw
Vehumet
Wu Jian
Xom
Yredelemnul
Zin
The Shining One

Annotations:
D:4 Blork the orc
D:9 Erica, Prince Ribbit


Innate Abilities, Weirdness & Mutations

Your experience applies equally to all skills.
You have very sharp teeth.
Your uncanny sense of smell can sniff out nearby items.


Message History

Your Conjurations skill increases to level 3!
Your Hexes skill increases to level 3!
Your Charms skill increases to level 3!
Your Summonings skill increases to level 3!
Your Translocations skill increases to level 3!
Your Transmutations skill increases to level 3!
Your Fire Magic skill increases to level 3!
Your Ice Magic skill increases to level 3!
Your Air Magic skill increases to level 3!
Your Earth Magic skill increases to level 3!
Your Poison Magic skill increases to level 3!
Your Invocations skill increases to level 4!
You have reached level 9!
Your experience leads to an increase in your attributes!
Your base attributes are Str 11, Int 20, Dex 15.
Increase (S)trength, (I)ntelligence, or (D)exterity?
You feel clever.
You see here a scroll of enchant weapon.
p - 3 scrolls of enchant weapon (gained 1) Erica opens the door.
Unknown command.
Evoke which item? (* to show all) (? for menu, Esc to quit)
Okay, then.
Evoke which item? (* to show all) (? for menu, Esc to quit)
Aiming: Iceblast
Press: ? - help, Shift-Dir - straight line The mass of ice explodes!
The iceblast engulfs Erica.
Erica is lightly wounded.
You hear the creaking of a very distant portcullis.
You hear an angry hiss.
An iguana comes into view.
Evoke which item? (* to show all) (? for menu, Esc to quit)
Aiming: Iceblast
Press: ? - help, Shift-Dir - straight line, f - Erica
Aim: Erica, wielding a scimitar of flaming and wearing a robe (lightly wounded)
The mass of ice explodes!
The iceblast engulfs Erica.
Erica is moderately wounded.
The iceblast engulfs the iguana.
The iguana is heavily wounded.
The now-empty wand crumbles to dust.
Unknown command.
You aren't carrying any items that you can evoke.
Unknown command.
Erica points at you and mumbles some strange words.
You feel yourself slow down.
You see here a komodo dragon corpse.
Erica casts a spell at you. The bolt of poison hits you!
You are poisoned.
* * * LOW HITPOINT WARNING * * *
Erica mumbles some strange words.
Erica flickers and vanishes!
Unknown command.
Okay, then.
Unknown command.
Okay, then.
You hit the iguana.
The iguana is severely wounded.
You feel sick. The iguana closely misses you.
You hit the iguana.
You kill the iguana!
Cheibriados appreciates the change of pace.
You feel sick.
You feel sick. Something hits you.
* * * LOW HITPOINT WARNING * * *
Something burns you.
* * * LOW HITPOINT WARNING * * *
Casting: Vampiric Draining
Confirm with . or Enter, or press ? or * to list all spells.
Aiming: Vampiric Draining
Press: ? - help, Shift-Dir - straight line, f - you You feel life coursing into your body.
You feel sick.
You hear some strange, mumbled words.
Something tries to affect you, but you resist.
Something barely misses you.
Casting: Vampiric Draining
Confirm with . or Enter, or press ? or * to list all spells.
Aiming: Vampiric Draining
Press: ? - help, Shift-Dir - straight line, f - you You feel life coursing into your body.
You feel sick. Something hits you!
* * * LOW HITPOINT WARNING * * *
Something burns you.
* * * LOW HITPOINT WARNING * * *
Casting: Vampiric Draining
Confirm with . or Enter, or press ? or * to list all spells.
Aiming: Pain
Press: ? - help, Shift-Dir - straight line, f - you Nothing appears to happen.
You feel sick. Something hits you.
* * * LOW HITPOINT WARNING * * *
Something burns you.
* * * LOW HITPOINT WARNING * * *
You feel much better.
You hear some strange, mumbled words.
A bolt of poison appears from out of thin air!
The bolt of poison hits you!
You are more poisoned.
* * * LOW HITPOINT WARNING * * *
Are you sure you want to abandon this character and quit the game? (Confirm with "yes".)

..########... @...........
#. ...........# ..# #.
#.........#....# ####'###
#.........#....# #....l.#
#.........#....## #......#
#.........#....##
#......###..............##
#......†{@................
#......###......†......###
#......# #.........#####..
#......# ##########......#
#......# ######.......
#......# #...........#
#......# #............
######## #............
....####.....#


There were no monsters in sight!

Vanquished Creatures
  A two-headed ogre (D:9)
  A komodo dragon (D:9)
  A hippogriff (D:7)
  A black bear (D:9)
  An ice beast (D:9)
  A scorpion (D:9)
  A water moccasin skeleton (D:5)
  2 orc wizards (D:3)
  2 orc priests (D:4)
  3 iguanas
  A worker ant (D:3)
  A hound skeleton (D:5)
  7 adders
  3 gnolls (D:3)
  A shadow imp (D:5)
  An ooze (D:3)
  2 dart slugs (D:1)
  A leopard gecko (D:9)
  14 orcs
  5 bats
  A giant cockroach (D:2)
  3 goblins
  6 hobgoblins
  6 kobolds
  3 quokkas
  4 frilled lizards
  A quokka skeleton (D:9)
  3 rats
77 creatures vanquished.

Vanquished Creatures (others)
  2 plants (D:9)
2 creatures vanquished.

Grand Total: 79 creatures vanquished

Notes
Turn   | Place    | Note
-------+----------+-------------------------------------------
     0 | D:1      | tidbits the Gnoll Necromancer began the quest for the Orb.
     0 | D:1      | Reached XP level 1. HP: 13/13 MP: 6/6
    51 | D:1      | Reached XP level 2. HP: 13/19 MP: 2/7
    54 | D:1      | Learned a level 1 spell: Animate Skeleton
   284 | D:2      | Reached skill level 5 in Spellcasting
   284 | D:2      | Reached XP level 3. HP: 20/25 MP: 5/9
   291 | D:2      | Reached skill level 1 in Invocations
   471 | D:2      | Learned a level 3 spell: Vampiric Draining
   475 | D:2      | Learned a level 3 spell: Regeneration
   647 | D:3      | Reached skill level 1 in Fighting
   647 | D:3      | Reached skill level 1 in Short Blades
   647 | D:3      | Reached skill level 1 in Long Blades
   647 | D:3      | Reached skill level 1 in Axes
   647 | D:3      | Reached skill level 1 in Maces & Flails
   647 | D:3      | Reached skill level 1 in Polearms
   647 | D:3      | Reached skill level 1 in Staves
   647 | D:3      | Reached skill level 1 in Slings
   647 | D:3      | Reached skill level 1 in Bows
   647 | D:3      | Reached skill level 1 in Crossbows
   647 | D:3      | Reached skill level 1 in Throwing
   647 | D:3      | Reached skill level 1 in Armour
   647 | D:3      | Reached skill level 1 in Shields
   647 | D:3      | Reached skill level 1 in Unarmed Combat
   647 | D:3      | Reached skill level 1 in Evocations
   651 | D:3      | Reached XP level 4. HP: 28/32 MP: 6/11
   685 | D:3      | Reached skill level 1 in Conjurations
   685 | D:3      | Reached skill level 1 in Hexes
   685 | D:3      | Reached skill level 1 in Charms
   685 | D:3      | Reached skill level 1 in Summonings
   685 | D:3      | Reached skill level 1 in Translocations
   685 | D:3      | Reached skill level 1 in Transmutations
   685 | D:3      | Reached skill level 1 in Fire Magic
   685 | D:3      | Reached skill level 1 in Ice Magic
   685 | D:3      | Reached skill level 1 in Air Magic
   685 | D:3      | Reached skill level 1 in Earth Magic
   685 | D:3      | Reached skill level 1 in Poison Magic
   710 | D:3      | Reached XP level 5. HP: 16/37 MP: 5/12
   948 | D:4      | Noticed Blork the orc
   980 | D:3      | HP: 3/38 [adder (3)]
   982 | D:3      | Reached XP level 6. HP: 2/44 MP: 6/13
  1007 | D:4      | Reached skill level 2 in Invocations
  1010 | D:4      | HP: 2/44 [orc priest/nerve-wracking pain (7)]
  1066 | D:5      | Entered Level 5 of the Dungeon
  1087 | D:5      | Reached skill level 2 in Fighting
  1087 | D:5      | Reached skill level 2 in Short Blades
  1087 | D:5      | Reached skill level 2 in Long Blades
  1087 | D:5      | Reached skill level 2 in Axes
  1087 | D:5      | Reached skill level 2 in Maces & Flails
  1087 | D:5      | Reached skill level 2 in Polearms
  1087 | D:5      | Reached skill level 2 in Staves
  1087 | D:5      | Reached skill level 2 in Slings
  1087 | D:5      | Reached skill level 2 in Bows
  1087 | D:5      | Reached skill level 2 in Crossbows
  1087 | D:5      | Reached skill level 2 in Throwing
  1087 | D:5      | Reached skill level 2 in Armour
  1087 | D:5      | Reached skill level 5 in Dodging
  1087 | D:5      | Reached skill level 2 in Shields
  1087 | D:5      | Reached skill level 2 in Unarmed Combat
  1087 | D:5      | Reached skill level 2 in Evocations
  1108 | D:5      | Found an opulent altar of Gozag.
  1109 | D:5      | Found an ancient bone altar of Kikubaaqudgha.
  1109 | D:5      | Found a burning altar of Makhleb.
  1110 | D:5      | Found a shadowy altar of Dithmenos.
  1110 | D:5      | Found a hide-covered altar of Uskayaw.
  1114 | D:5      | Found a staircase to the Ecumenical Temple.
  1123 | Temple   | Entered the Ecumenical Temple
  1131 | Temple   | Became a worshipper of Cheibriados the Contemplative
  1282 | D:7      | Noticed a hippogriff
  1288 | D:7      | Killed a hippogriff
  1288 | D:7      | Reached XP level 7. HP: 42/51 MP: 8/15
  1318 | D:9      | Reached skill level 2 in Conjurations
  1318 | D:9      | Reached skill level 2 in Hexes
  1318 | D:9      | Reached skill level 2 in Charms
  1318 | D:9      | Reached skill level 2 in Summonings
  1318 | D:9      | Reached skill level 2 in Translocations
  1318 | D:9      | Reached skill level 2 in Transmutations
  1318 | D:9      | Reached skill level 2 in Fire Magic
  1318 | D:9      | Reached skill level 2 in Ice Magic
  1318 | D:9      | Reached skill level 2 in Air Magic
  1318 | D:9      | Reached skill level 2 in Earth Magic
  1318 | D:9      | Reached skill level 2 in Poison Magic
  1320 | D:9      | Found a staircase to the Lair.
  1327 | D:9      | Learned a level 5 spell: Borgnjor's Vile Clutch
  1350 | D:9      | Noticed a two-headed ogre
  1355 | D:9      | Killed a two-headed ogre
  1355 | D:9      | Reached skill level 3 in Fighting
  1355 | D:9      | Reached skill level 3 in Short Blades
  1355 | D:9      | Reached skill level 3 in Long Blades
  1355 | D:9      | Reached skill level 3 in Axes
  1355 | D:9      | Reached skill level 3 in Maces & Flails
  1355 | D:9      | Reached skill level 3 in Polearms
  1355 | D:9      | Reached skill level 3 in Staves
  1355 | D:9      | Reached skill level 3 in Slings
  1355 | D:9      | Reached skill level 3 in Bows
  1355 | D:9      | Reached skill level 3 in Crossbows
  1355 | D:9      | Reached skill level 3 in Throwing
  1355 | D:9      | Reached skill level 3 in Armour
  1355 | D:9      | Reached skill level 5 in Stealth
  1355 | D:9      | Reached skill level 3 in Shields
  1355 | D:9      | Reached skill level 3 in Unarmed Combat
  1355 | D:9      | Reached skill level 6 in Spellcasting
  1355 | D:9      | Reached skill level 3 in Invocations
  1355 | D:9      | Reached skill level 3 in Evocations
  1355 | D:9      | Reached XP level 8. HP: 51/58 MP: 9/17
  1356 | D:9      | Noticed Prince Ribbit
  1403 | D:9      | Noticed a komodo dragon
  1416 | D:9      | Noticed Erica
  1431 | D:9      | Killed a komodo dragon
  1431 | D:9      | Reached skill level 6 in Dodging
  1431 | D:9      | Reached skill level 3 in Conjurations
  1431 | D:9      | Reached skill level 3 in Hexes
  1431 | D:9      | Reached skill level 3 in Charms
  1431 | D:9      | Reached skill level 3 in Summonings
  1431 | D:9      | Reached skill level 3 in Translocations
  1431 | D:9      | Reached skill level 3 in Transmutations
  1431 | D:9      | Reached skill level 3 in Fire Magic
  1431 | D:9      | Reached skill level 3 in Ice Magic
  1431 | D:9      | Reached skill level 3 in Air Magic
  1431 | D:9      | Reached skill level 3 in Earth Magic
  1431 | D:9      | Reached skill level 3 in Poison Magic
  1431 | D:9      | Reached skill level 4 in Invocations
  1431 | D:9      | Reached XP level 9. HP: 48/65 MP: 4/18
  1449 | D:9      | HP: 3/65 [something/bolt of poison (30)]
  1450 | D:9      | Quit the game

Skill      XL: |  1  2  3  4  5  6  7  8 |
---------------+-------------------------+-----
Spellcasting   | 5 6 |  6.3
Invocations    | 1 2 3 4 |  4.1
Fighting       | 1 2 3 |  3.7
Short Blades   | 1 2 3 |  3.7
Long Blades    | 1 2 3 |  3.7
Axes           | 1 2 3 |  3.7
Maces & Flails | 1 2 3 |  3.7
Polearms       | 1 2 3 |  3.7
Staves         | 1 2 3 |  3.7
Slings         | 1 2 3 |  3.7
Bows           | 1 2 3 |  3.7
Crossbows      | 1 2 3 |  3.7
Throwing       | 1 2 3 |  3.7
Armour         | 1 2 3 |  3.7
Shields        | 1 2 3 |  3.7
Unarmed Combat | 1 2 3 |  3.7
Evocations     | 1 2 3 |  3.7
Conjurations   | 1 2 3 |  3.1
Hexes          | 1 2 3 |  3.1
Charms         | 1 2 3 |  3.1
Summonings     | 1 2 3 |  3.1
Translocations | 1 2 3 |  3.1
Transmutations | 1 2 3 |  3.1
Fire Magic     | 1 2 3 |  3.1
Ice Magic      | 1 2 3 |  3.1
Air Magic      | 1 2 3 |  3.1
Earth Magic    | 1 2 3 |  3.1
Poison Magic   | 1 2 3 |  3.1
Dodging        | 5 6 |  6.0
Stealth        | 5 |  5.7
Necromancy     | |  7.8

Action                   |  1- 3 |  4- 6 |  7- 9 || total
-------------------------+-------+-------+-------++-------
Melee: Short sword       |    15 |    21 |    30 ||    66
       Bite              |     1 |    10 |     5 ||    16
       Punch             |       |     1 |     2 ||     3
       Flail             |       |    65 |       ||    65
Throw: Tomahawk          |       |     5 |       ||     5
 Cast: Pain              |    33 |    31 |    21 ||    85
       Vampiric Draining |       |     6 |     5 ||    11
       Regeneration      |       |     9 |       ||     9
Evoke: Wand              |       |     5 |    10 ||    15
  Use: Potion            |     1 |     5 |     2 ||     8
       Scroll            |     3 |     7 |       ||    10
 Stab: Sleeping          |     3 |     2 |       ||     5
       Invisible         |       |       |     4 ||     4
  Eat: Chunk             |       |     2 |     1 ||     3
Armor: Robe              |     2 |     7 |     3 ||    12
Dodge: Dodged            |    12 |   104 |    32 ||   148

Table legend:
 A = Turns spent in this place as a percentage of turns spent in the entire game.
 B = Non-inter-level travel turns spent in this place as a percentage of non-inter-level travel turns spent in the entire game.
 C = Inter-level travel turns spent in this place as a percentage of turns spent in this place.
 D = Turns resting spent in this place as a percentage of non-inter-level travel turns spent in this place.
 E = Turns spent auto-exploring this place as a percentage of non-inter-level travel turns spent in this place.
 F = Non-inter-level travel turns spent in this place divided by the number of levels of this place that you've seen.
                   A       B       C       D       E      F
               +-------+-------+-------+-------+-------+----------------------
         Total | 100.0 | 100.0 |   0.0 |   0.0 |   0.0 | 145.0
       Dungeon |  98.7 |  98.7 |   0.0 |   0.0 |   0.0 | 159.0
        Temple |   1.3 |   1.3 |   0.0 |   0.0 |   0.0 |  19.0
               +-------+-------+-------+-------+-------+----------------------

Table legend:
 A = Kills in this place as a percentage of kills in entire the game.
 B = Kills by you in this place as a percentage of kills by you in the entire game.
 C = Kills by friends in this place as a percentage of kills by friends in the entire game.
 D = Other kills in this place as a percentage of other kills in the entire game.
 E = Experience gained in this place as a percentage of experience gained in the entire game.
 F = Experience gained in this place divided by the number of levels of this place that you have seen.
                   A       B       C       D       E      F
               +-------+-------+-------+-------+-------+----------------------
         Total | 100.0 | 100.0 |   N/A |   N/A | 100.0 | 246.6
       Dungeon | 100.0 | 100.0 |   N/A |   N/A | 100.0 | 274.0
               +-------+-------+-------+-------+-------+----------------------

Vault maps used:
D:1:      dpeg_arrival_stone_temple_mockup, minmay_misc_feat_alley, st_stairs_4
D:3:      bloody_trog, minmay_misc_feat_four_crosses
D:4:      uniq_robin, uniq_blork_the_orc
D:5:      kennysheep_mini, grunt_temple_overflow_open,
          minmay_temple_entry_butterflies, first_ration, hex_medium,
          uniq_sigmund
D:7:      basic_altar, nicolae_ossuary_entry_plus
D:8:      uniq_joseph
D:9:      david_lair_shrubbed, serial_glass, glass_columns_a, glass_columns_a,
          enter_bailey_3, uniq_prince_ribbit1, uniq_erica, uniq_psyche
Temple:   nicolae_temple_no_exploring_needed
